 Dungeon Crawl Stone Soup version 0.19-a0-1013-g40768a3 (webtiles) character file.

4217 poirepourri the Basher (level 10, -2/66 HPs)
             Began as a Gargoyle Fighter on July 24, 2016.
             Was a Follower of Okawaru.
             Slain by a komodo dragon (9 damage)
             ... on level 9 of the Dungeon.
             The game lasted 00:09:49 (7181 turns).

poirepourri the Basher (Gargoyle Fighter)           Turns: 7181, Time: 00:09:50

Health: -2/66      AC: 16    Str: 27    XL:     10   Next: 30%
Magic:  0/10       EV: 10    Int: 10    God:    Okawaru [*.....]
Gold:   492        SH: 10    Dex:  9    Spells: 0 memorised, 9 levels left

rFire  . . .     SeeInvis .     a - +2 flail
rCold  . . .     Gourm    .     b - +0 scale mail
rNeg   + . .     Faith    .     c - +1 shield
rPois  ∞         Spirit   +     d - +1 helmet
rElec  +         Dismiss  .     (no cloak)
rCorr  .         Reflect  .     (no gloves)
SustAt .         Harm     .     (no boots)
MR     .....                    j - amulet of guardian spirit
Stlth  ..........               (no ring)
                                (no ring)

@: mighty, not resistant to hostile enchantments, extremely unstealthy
A: negative energy resistance 1, electricity resistance, unbreathing,
petrification resistance, rot immunity, AC +7
a: Heroism, Renounce Religion


You were on level 9 of the Dungeon.
You worshipped Okawaru.
Okawaru was aware of your devotion.
You were very hungry.

You visited 2 branches of the dungeon, and saw 10 of its levels.

You collected 492 gold pieces.

Inventory:

Hand Weapons
 a - a +2 flail (weapon)
 H - a +1 dire flail of protection
Missiles
 g - 57 bolts
Armour
 b - a +0 scale mail (worn)
 c - a +1 shield (worn)
 d - a +1 helmet (worn)
Jewellery
 j - an amulet of guardian spirit (around neck)
 t - an uncursed ring of sustain attributes {unknown}
 w - an uncursed amulet of the gourmand {unknown}
 y - an uncursed amulet of rage {unknown}
 F - a cursed ring of protection from cold {unknown}
 L - a +5 ring of intelligence {unknown}
 M - a cursed ring of teleportation {unknown}
 Q - an uncursed ring of protection from magic {unknown}
Wands
 m - a wand of lightning (7/15)
 p - a wand of digging (7/24)
 s - a wand of flame (17/48)
 u - a wand of paralysis (8/24)
 N - a wand of random effects (13/48)
 P - a wand of flame (32/48)
Scrolls
 f - a scroll of holy word {unknown}
 h - 3 scrolls of magic mapping
 k - 8 scrolls of remove curse
 o - 5 scrolls of identify
 q - 2 scrolls of teleportation
 v - 3 scrolls of amnesia
 x - 2 scrolls of recharging {unknown}
 z - 2 scrolls of enchant weapon
 B - a scroll of random uselessness {unknown}
 G - a scroll of immolation {unknown}
 I - 2 scrolls of enchant armour
Potions
 i - a potion of berserk rage {unknown}
 l - 2 potions of cure mutation
 r - a potion of flight
 C - a potion of haste {unknown}
 E - a potion of magic {unknown}
 K - a potion of cancellation {unknown}
 O - a potion of brilliance {unknown}
Comestibles
 n - 7 beef jerkies
 A - 3 fruits
 D - 6 bread rations
 J - a meat ration


   Skills:
 + Level 9.3 Fighting
 + Level 9.4 Maces & Flails
 - Level 3.3 Armour
 - Level 6.4 Dodging
 - Level 2.1 Stealth
 - Level 3.3 Shields
 + Level 0.3 Evocations


You had 9 spell levels left.
You didn't know any spells.

Dungeon Overview and Level Annotations

Branches:
Dungeon (9/15)             Temple (1/1) D:5            Lair (0/6) D:9
    Orc: D:9-12

Altars:
Ashenzari
Cheibriados
Dithmenos
Elyvilon
Fedhas
Gozag
Kikubaaqudgha
Makhleb
Nemelex Xobeh
Okawaru
Pakellas
Qazlal
Ru
Sif Muna
Trog
Uskayaw
Vehumet
Yredelemnul
Zin
The Shining One


Innate Abilities, Weirdness & Mutations

You are resistant to torment.
Your stone body is resilient. (AC +7)
You are immune to poison.
You resist negative energy. (rN+)
You are resistant to electric shocks. (rElec)
You can survive without breathing.
You are immune to petrification.
You are immune to rotting.


Message History

The komodo dragon bites you!
You thump the komodo dragon!
The komodo dragon is heavily wounded.
The komodo dragon bites you!!
You barely miss the komodo dragon.
The komodo dragon is heavily wounded.
You block the komodo dragon's attack.
You hit the komodo dragon but do no damage.
The komodo dragon is heavily wounded.
The komodo dragon bites you but does no damage.
You hit the komodo dragon.
The komodo dragon is heavily wounded.
The komodo dragon bites you!
You feel very mighty all of a sudden. The komodo dragon bites you!
* * * LOW HITPOINT WARNING * * *
You sock the komodo dragon!
The komodo dragon is severely wounded.
The komodo dragon bites you!
You die...

..# #.# ..# #.# ..# #.#
..# #.## ..# #..# ..#
###.### ..# ###.....###
..###########...P...P.##
...........#....@}PPP.P#
..########.....PlPPPPPP#
^..# #....PPP....PP#
§§.# ##...PPPP.>.PP#
_..#


##PPPPPP.(.PP# .§.# ##PPPPPPPPP## §..# ########### #### You could see a komodo
dragon.

Vanquished Creatures
  Pikel (D:7)
  A two-headed ogre (D:9)
  Sigmund (D:5)
  A wyvern (D:9)
  3 yaks (D:9)
  A hungry ghost (D:8)
  2 ice beasts
  A phantom (D:7)
  3 ogres
  A sky beast (D:6)
  2 centaurs (D:5)
  A big kobold (D:8)
  6 giant frogs
  2 scorpions
  5 wights (D:6)
  4 howler monkeys
  3 crimson imps
  2 centaur zombies
  A quasit (D:8)
  3 hounds
  7 orc wizards
  2 giant frog skeletons
  An iguana (D:8)
  5 worker ants
  A hound zombie (D:8)
  A howler monkey zombie (D:8)
  A howler monkey skeleton (D:4)
  10 adders
  7 gnolls
  2 shadow imps
  An ooze (D:2)
  2 adder zombies
  3 adder skeletons
  3 worms (D:2)
  2 dart slugs (D:3)
  5 giant geckos
  19 orcs
  2 ball pythons
  8 bats
  5 giant cockroaches
  6 hobgoblins
  10 jackals
  2 quokkas
  A giant gecko skeleton (D:8)
  8 giant newts
  7 goblins
  7 kobolds
  9 rats
181 creatures vanquished.

Vanquished Creatures (others)
  An orc (D:7)
  A bat (D:7)
  A hobgoblin (D:7)
  A goblin (D:7)
  A plant (D:9)
5 creatures vanquished.

Grand Total: 186 creatures vanquished

Notes
Turn   | Place    | Note
-------+----------+-------------------------------------------
     0 | D:1      | poirepourri the Gargoyle Fighter began the quest for the Orb.
     0 | D:1      | Reached XP level 1. HP: 14/14 MP: 1/1
   156 | D:1      | Reached XP level 2. HP: 12/20 MP: 2/2
   523 | D:1      | Reached XP level 3. HP: 21/24 MP: 3/3
   524 | D:1      | Reached skill level 1 in Dodging
   854 | D:2      | Reached XP level 4. HP: 5/29 MP: 4/4
  1380 | D:2      | Found a bloodstained altar of Trog.
  1565 | D:3      | Found a deep blue altar of Sif Muna.
  1580 | D:3      | Found a shadowy altar of Dithmenos.
  1637 | D:3      | Found a shattered altar of Ashenzari.
  1659 | D:3      | Reached XP level 5. HP: 32/34 MP: 5/5
  1847 | D:3      | Found a snail-covered altar of Cheibriados.
  2283 | D:4      | Found a burning altar of Makhleb.
  2317 | D:4      | Reached XP level 6. HP: 27/40 MP: 6/6
  2750 | D:5      | Entered Level 5 of the Dungeon
  2759 | D:5      | Reached skill level 5 in Fighting
  3013 | D:5      | Reached XP level 7. HP: 44/44 MP: 7/7
  3135 | D:5      | Found a staircase to the Ecumenical Temple.
  3272 | Temple   | Entered the Ecumenical Temple
  3824 | D:5      | Noticed Sigmund
  3847 | D:5      | Killed Sigmund
  3847 | D:5      | Reached skill level 5 in Maces & Flails
  3847 | D:5      | Reached skill level 1 in Stealth
  3847 | D:5      | Reached XP level 8. HP: 22/51 MP: 4/8
  4078 | D:6      | Reached skill level 5 in Dodging
  4209 | D:6      | Found a hide-covered altar of Uskayaw.
  4939 | D:7      | Reached XP level 9. HP: 53/56 MP: 9/9
  4965 | D:7      | Noticed Pikel
  5003 | D:7      | Killed Pikel
  5248 | D:7      | Found a sacrificial altar of Ru.
  6360 | D:8      | Found an iron altar of Okawaru.
  6372 | D:8      | Became a worshipper of Warmaster Okawaru
  6430 | D:9      | Noticed a two-headed ogre
  6441 | D:9      | Killed a two-headed ogre
  6441 | D:9      | Reached XP level 10. HP: 6/65 MP: 1/10
  6913 | D:9      | Found a radiant altar of Vehumet.
  6949 | D:9      | Found a stormy altar of Qazlal.
  6980 | D:9      | Reached * piety under Okawaru
  7154 | D:9      | Found a staircase to the Lair.
  7181 | D:9      | Slain by a komodo dragon

Vault maps used:
D:1:      minmay_arrival_widening_spiral_wide
D:2:      lightli_temple_of_fire, first_bread
D:3:      kennysheep_slug_shrine, ashenzari_conservatory_becter,
          overflow_temple_1_default, lemuel_round_altar
D:4:      makhleb_blood_cavern_becter
D:5:      uniq_sigmund
D:6:      marbit_many_paths, nrook_mini_backslash, st_stairs_8
D:7:      nicolae_ru_great_annihilating_truth, grunt_ogre_cave, uniq_pikel
D:8:      lemuel_coloured_pillars_altar
D:9:      regret_index_temple_of_mockery, fiery_altar_vehumet,
          nicolae_qazlal_style_of_elements, david_lair_shrubbed
Temple:   nicolae_temple_figure_zero

Skill      XL: |  1  2  3  4  5  6  7  8  9 10 |
---------------+-------------------------------+-----
Fighting       | 4 5 6 8 9 |  9.3
Dodging        | 1 2 3 4 5 6 |  6.4
Maces & Flails | 3 5 6 8 9 |  9.4
Stealth        | 1 2 |  2.1
Armour         | |  3.3
Shields        | |  3.3
Evocations     | |  0.3

Action                   |  1- 3 |  4- 6 |  7- 9 | 10-12 || total
-------------------------+-------+-------+-------+-------++-------
Melee: Flail             |   154 |   229 |   450 |    75 ||   908
Evoke: Wand              |       |       |     1 |       ||     1
  Use: Scroll            |       |    12 |     5 |       ||    17
       Potion            |       |     2 |     6 |     1 ||     9
 Stab: Paralysed         |       |       |     3 |       ||     3
       Invisible         |       |       |     2 |       ||     2
  Eat: Bread ration      |       |     2 |       |       ||     2
       Beef jerky        |       |       |     2 |       ||     2
       Meat ration       |       |       |     1 |       ||     1
       Royal jelly       |       |       |     2 |       ||     2
Armor: Scale mail        |    89 |   138 |   220 |    24 ||   471
Dodge: Dodged            |    58 |   113 |   207 |    24 ||   402
Block: Shield            |   116 |   131 |   298 |    29 ||   574
